 Dungeon Crawl Stone Soup version 0.22.0 (webtiles) character file.

112 Lew the Grave Robber (level 4, -3/35 HPs)
             Began as a Hill Orc Necromancer on Aug 11, 2018.
             Was a Follower of Beogh.
             Slain by an iguana (7 damage)
             ... on level 4 of the Dungeon.
             The game lasted 00:16:58 (2739 turns).

Lew the Grave Robber (Hill Orc Necromancer)         Turns: 2739, Time: 00:16:58

Health: -3/35      AC:  7    Str: 11    XL:     4   Next: 93%
Magic:  2/7        EV: 10    Int: 15    God:    Beogh [*.....]
Gold:   95         SH:  0    Dex: 11    Spells: 5/7 levels left

rFire    . . .     SeeInvis .   g - -2 war axe (curse)
rCold    . . .     Gourm    .   (no shield)
rNeg     . . .     Faith    .   i - +0 ring mail
rPois    .         Spirit   .   d - +1 helmet
rElec    .         Reflect  .   (no cloak)
rCorr    .         Harm     .   (no gloves)
MR       .....                  (no boots)
Stlth    ..........             f - amulet of regeneration
HPRegen  0.51/turn              b - ring of wizardry
MPRegen  0.10/turn              j - ring of attention (curse)

@: no status effects
A: no striking features
a: Renounce Religion


You were on level 4 of the Dungeon.
You worshipped Beogh.
Beogh was aware of your devotion.
You were very hungry.

You visited 1 branch of the dungeon, and saw 4 of its levels.

You collected 95 gold pieces.

Inventory:

Hand Weapons
 e - a +1 dagger of venom
 g - a cursed -2 war axe (weapon)
Armour
 d - a +1 helmet (worn)
 i - a +0 ring mail (worn)
Jewellery
 a - an uncursed amulet of guardian spirit
 b - a ring of wizardry (left hand)
 f - an amulet of regeneration (around neck)
 h - an uncursed ring of positive energy
 j - a cursed ring of attention (right hand)
Scrolls
 k - 2 scrolls of teleportation
 l - 3 scrolls of identify
 m - a scroll of enchant weapon {unknown}
Comestibles
 c - 5 rations


   Skills:
 + Level 1.6 Fighting
 + Level 1.2 Short Blades
   Level 0.0 Maces & Flails
 + Level 1.1 Armour
 - Level 1.5 Dodging
 + Level 2.1 Stealth
 * Level 2.2 Spellcasting
 * Level 4.6 Necromancy


You had 5 spell levels left.
You knew the following spells:

 Your Spells              Type           Power        Failure   Level  Hunger
a - Pain                  Necr           ###.         3%          1    #......
b - Animate Skeleton      Necr           N/A          3%          1    #......

Your spell library contained the following spells:

 Spells                   Type           Power        Failure   Level  Hunger
 Animate Dead             Necr           N/A          28%         4    #####..
 Vampiric Draining        Necr           ###.......   9%          3    ###....
 Regeneration             Chrm/Necr      #.........   24%         3    ###....


Dungeon Overview and Level Annotations

Branches:
Dungeon (4/15)
 Temple: D:4-7

Altars:
Zin
The Shining One


Message History

Press: ? - help, Shift-Dir - straight line, f/p - iguana
Aim: an iguana (moderately wounded, chance to defeat MR: 80%)
The iguana writhes in agony!
You are feeling very hungry.
The iguana barely misses you.
You aren't carrying any potions.
Casting: Pain (safe; 3% risk of failure)
Confirm with . or Enter, or press ? or * to list all spells.
Aiming: Pain (safe; 3% risk of failure)
Press: ? - help, Shift-Dir - straight line, f/p - iguana
Aim: an iguana (moderately wounded, chance to defeat MR: 80%)
The iguana writhes in agony!
The iguana bites you.
* * * LOW HITPOINT WARNING * * *
Casting: Pain (safe; 3% risk of failure)
Confirm with . or Enter, or press ? or * to list all spells.
Aiming: Pain (safe; 3% risk of failure)
Press: ? - help, Shift-Dir - straight line, f/p - iguana
Aim: an iguana (moderately wounded, chance to defeat MR: 80%)
The iguana writhes in agony!
The iguana bites you!
You die...

#.# #.# #.#
#.# #.# #.#
#.# #.# #.#
#.# #.# #l#
#.# #@# #.#
##.# ##.#
#..#
######..#####
#.##
............#
#.#
#####...###.#
#.# #####...#
#.# #.#
#.......# #)#
#.#######
#.###.#.# #.#
#.......#


You could see an iguana.

Vanquished Creatures
  2 adders
  An adder zombie (D:3)
  2 worms
  3 dart slugs
  4 leopard geckos
  An orc (D:4)
  7 bats
  3 giant cockroaches
  5 goblins
  10 hobgoblins
  3 jackals (D:2)
  3 ball pythons (D:2)
  4 frilled lizards
  11 kobolds
  3 rats
62 creatures vanquished.

Vanquished Creatures (collateral kills)
  An adder (D:3)
  A goblin (D:2)
  A hobgoblin (D:1)
  A bat (D:2)
  A frilled lizard (D:2)
5 creatures vanquished.

Vanquished Creatures (others)
  A dart slug (D:2)
  A ball python (D:2)
2 creatures vanquished.

Grand Total: 69 creatures vanquished

Notes
Turn   | Place    | Note
-------+----------+-------------------------------------------
     0 | D:1      | Lew the Hill Orc Necromancer began the quest for the Orb.
     0 | D:1      | Reached XP level 1. HP: 14/14 MP: 3/3
   137 | D:1      | Learned a level 1 spell: Animate Skeleton
   274 | D:1      | Reached XP level 2. HP: 20/20 MP: 2/4
   811 | D:1      | Reached XP level 3. HP: 27/27 MP: 5/5
  1179 | D:2      | Became a worshipper of Beogh the Brigand
  1218 | D:2      | Reached skill level 1 in Fighting
  1409 | D:2      | Reached XP level 4. HP: 27/35 MP: 2/7
  1484 | D:2      | Reached skill level 1 in Short Blades
  1626 | D:2      | Reached * piety under Beogh
  1849 | D:2      | Found a glowing silver altar of Zin.
  2102 | D:3      | Reached skill level 1 in Armour
  2350 | D:3      | Found a glowing golden altar of the Shining One.
  2739 | D:4      | Slain by an iguana

Skill      XL: |  1  2  3  4 |
---------------+-------------+-----
Stealth        | 2 |  2.1
Fighting       | 1 |  1.6
Spellcasting   | 2 |  2.2
Short Blades   | 1 |  1.2
Armour         | 1 |  1.1
Dodging        | |  1.5
Necromancy     | |  4.6

Action                   |  1- 3 |  4- 6 || total
-------------------------+-------+-------++-------
Melee: Unarmed           |     8 |       ||     8
       Club              |    22 |       ||    22
       Dagger            |    49 |       ||    49
       War axe           |    23 |    94 ||   117
 Cast: Pain              |    34 |    22 ||    56
       Animate Skeleton  |     3 |     4 ||     7
Invok: Convert to Beogh  |     1 |       ||     1
  Use: Scroll            |     2 |     2 ||     4
       Potion            |     2 |     3 ||     5
 Stab: Sleeping          |     3 |       ||     3
  Eat: Chunk             |     1 |     2 ||     3
       Ration            |     1 |       ||     1
Armor: Robe              |    24 |       ||    24
       Ring mail         |    40 |    69 ||   109
Dodge: Dodged            |    93 |    65 ||   158
